[Event "Team 45 45 League T60"]
[Site "Internet Chess Club"]
[Date "2014.03.22"]
[Round "4"]
[White "BigH"]
[Black "primerpaso"]
[Result "1-0"]
[WhiteElo "2119"]
[BlackElo "1926"]
[Opening "Queen's pawn: London system"]
[ECO "A45"]
[Time "15:11:24"]
[TimeControl "2700+45"]

1. d4 Nf6 2. Bf4 e6 3. e3 b6 4. Nf3 Bb7 5. Bd3 Be7 6. c3 O-O 7. h3 Be4 8. O-O d5
9. Re1 Nbd7 10. Bf1 h6 11. Nbd2 Bh7 12. a4 c5 13. Ba6 g5 14. Bh2 g4 15. hxg4
Nxg4 16. Bg3 h5 17. Bb7 Rb8 18. Bxb8 Qxb8 19. Ba6 f5 20. Bd3 Ndf6 21. Ne5 Nxe5
22. dxe5 Qxe5 23. f4 Qc7 24. Nf3 Kh8 25. Ng5 Qd6 26. Be2 Bg6 27. a5 e5 28. axb6
axb6 29. Nh3 Ng4 30. Bf3 Bh4 31. Re2 d4 32. exd4 exd4 33. cxd4 cxd4 34. Qd3 Rd8
35. Rc1 Bh7 36. Rd1 Bf6 37. g3 Qc5 38. Rc2 Qe7 39. Rc6 Rg8 40. Bd5 Rd8 41. Be6
Ne3 42. Rdc1 Qg7 43. Kf2 h4 44. Ke2 Qg4+ 45. Kd2 Qxh3 46. Qe2 Qxg3 47. Bxf5 Bxf5
48. Rxf6 Bh7 49. Rc7 Ng4 50. Rxh7+ Kxh7 51. Qe7+ Kh8 52. Qxd8+ Kg7 53. Qe7+ Kg8
54. Rf8# {Black checkmated} 1-0

[Event "Team 45 45 League T60"]
[Site "Internet Chess Club"]
[Date "2014.03.22"]
[Round "4"]
[White "Portola"]
[Black "bondguy01"]
[Result "0-1"]
[WhiteElo "1771"]
[BlackElo "1756"]
[Opening "Queen's pawn game"]
[ECO "D00"]
[Time "15:00:51"]
[TimeControl "2700+45"]

1. d4 d5 2. c3 Nf6 3. Bf4 Bf5 4. e3 e6 5. Nf3 Be7 6. Nbd2 O-O 7. Qb3 b6 8. Be2
c5 9. Ne5 c4 10. Qa4 Nfd7 11. Ndf3 f6 12. Nc6 Nxc6 13. Qxc6 Qc8 14. Qa4 a6 15.
O-O b5 16. Qa5 Bd8 17. Qa3 Bc7 18. Bd6 Re8 19. Rfd1 Qb8 20. Bxc7 Qxc7 21. b3 Nb6
22. b4 Na4 23. Nh4 Bg6 24. Nxg6 hxg6 25. Rd2 Kf7 26. g3 a5 27. Bf3 axb4 28. Qxb4
Qa5 29. Rc2 Qxb4 30. cxb4 f5 31. a3 Rh8 32. Kg2 Kf6 33. Kg1 Rh6 34. Bg2 g5 35.
f3 Rah8 36. h3 f4 37. exf4 gxf4 38. gxf4 Rh4 39. Kf2 Rxf4 40. Ke3 Rhh4 41. Rd1
g5 42. Bf1 Rh8 43. Bg2 Ra8 44. h4 Rxh4 45. Kf2 Rf4 46. Ke3 Nb6 47. Rc3 Rh8 48.
Bf1 Rhh4 49. Be2 Na4 50. Rc2 Nb6 51. Rcc1 e5 52. dxe5+ Kxe5 53. Rg1 d4+ 54. Kf2
Rh2+ 55. Kf1 Kf6 56. Rg2 Rh1+ 57. Rg1 Rxg1+ 58. Kxg1 Ke5 59. Kh2 Kd5 60. Kg3 d3
61. Bd1 Kd4 62. Kf2 c3 63. Bb3 g4 64. Kg3 Rxf3+ 65. Kxg4 d2 66. Rh1 Re3 67. Rf1
Kd3 68. Kf4 Nd5+ 69. Bxd5 c2 {White resigns} 0-1

[Event "Team 45 45 League T60"]
[Site "Internet Chess Club"]
[Date "2014.03.19"]
[Round "4"]
[White "zugknightly"]
[Black "pereelcoix"]
[Result "0-1"]
[WhiteElo "1855"]
[BlackElo "1752"]
[Opening "English opening"]
[ECO "A20"]
[Time "17:08:35"]
[TimeControl "2700+45"]

1. c4 e5 2. g3 Nf6 3. Bg2 c6 4. d4 exd4 5. Qxd4 Bb4+ 6. Bd2 Bxd2+ 7. Qxd2 O-O 8.
Nc3 d6 9. Rd1 Qb6 10. Na4 Qa6 11. b3 Be6 12. Qxd6 Bxc4 13. Qb4 Bb5 14. Nc3 Qb6
15. Nxb5 Na6 16. Qc4 cxb5 17. Qd4 Qa5+ 18. Qd2 Nb4 19. Bf3 Rad8 20. Qc1 Nxa2+
{White resigns} 0-1

[Event "Team 45 45 League T60"]
[Site "Internet Chess Club"]
[Date "2014.03.25"]
[Round "4"]
[White "QuieroAprender"]
[Black "latayvia"]
[Result "0-1"]
[WhiteElo "1723"]
[BlackElo "1684"]
[Opening "Caro-Kann defense"]
[ECO "B10"]
[Time "20:10:50"]
[TimeControl "2700+45"]

1. e4 c6 2. b3 d5 3. exd5 cxd5 4. d4 Nc6 5. Nf3 g6 6. c3 Bg7 7. Bd3 Nf6 8. O-O
O-O 9. h3 Ne4 10. Qc2 f5 11. Bf4 Bd7 12. Be5 Rc8 13. Bxg7 Kxg7 14. c4 e6 15. Qe2
Qf6 16. Qb2 Nb4 17. Bxe4 fxe4 18. Ne5 Be8 19. c5 Bb5 20. Rd1 Nd3 21. Nxd3 Bxd3
22. Rd2 Qg5 23. Nc3 Rf3 24. Kh2 Qf4+ 25. Kh1 Qh4 26. Kh2 Rcf8 27. g3 Qf6 28. Nd1
Ba6 29. b4 Bc4 30. Kg2 Rd3 31. Ne3 Qf3+ 32. Kh2 Rxd2 33. Qxd2 Qxf2+ 34. Qxf2
Rxf2+ 35. Kg1 Rd2 36. a4 Rxd4 37. Rd1 Rxd1+ 38. Nxd1 d4 39. b5 Bb3 40. Nb2 Bd5
41. a5 Kf7 42. a6 bxa6 43. bxa6 Kf6 44. Na4 Ke5 45. Nb6 e3 46. Nd7+ Ke4 47. Nb8
d3 48. Kf1 d2 49. Ke2 Bc4+ 50. Kd1 Kd3 51. Nc6 Bb3# {White checkmated} 0-1

[Event "Team 45 45 League T60"]
[Site "Internet Chess Club"]
[Date "2014.03.23"]
[Round "4"]
[White "arhrid"]
[Black "chess09"]
[Result "1-0"]
[WhiteElo "1812"]
[BlackElo "1930"]
[Opening "Sicilian: modern Scheveningen"]
[ECO "B58"]
[Time "17:00:47"]
[TimeControl "2700+45"]

1. e4 c5 2. Nf3 d6 3. d4 cxd4 4. Nxd4 Nf6 5. Nc3 Nc6 6. Be2 e6 7. O-O Be7 8. Be3
O-O 9. Qd2 a6 10. f4 Qc7 11. a4 b6 12. Kh1 Bb7 13. Bf3 Rfd8 14. Qf2 Nd7 15. Nxc6
Bxc6 16. g4 Rab8 17. g5 Nf8 18. f5 d5 19. exd5 exd5 20. f6 gxf6 21. gxf6 Bxf6
22. Qg2+ Ng6 23. Nxd5 Bxd5 24. Bxd5 Qe7 25. Rae1 Qd7 26. c4 Bh4 27. Rxf7 Qxf7
28. Bxf7+ Kxf7 29. Qf3+ Kg8 30. Rf1 Rd7 31. Bh6 Rc8 32. Qf5 Rcd8 33. Qe6+ Kh8
34. b4 Rd1 35. Rxd1 Rxd1+ 36. Kg2 Rd8 37. Bc1 Kg7 38. Qxb6 Rf8 39. Be3 Re8 40.
Qc7+ Re7 41. Qc5 Bf6 42. b5 axb5 43. cxb5 Re5 44. Qa7+ Re7 45. b6 Nh4+ 46. Kh1
Nf5 47. b7 Nxe3 48. b8=Q Ng4 49. Qg1 h5 50. h3 Kf7 51. hxg4 hxg4 52. Qxg4 Re1+
53. Kg2 {Black resigns} 1-0

[Event "Team 45 45 League T60"]
[Site "Internet Chess Club"]
[Date "2014.03.20"]
[Round "4"]
[White "byebyebadman"]
[Black "kidcobra"]
[Result "0-1"]
[WhiteElo "1818"]
[BlackElo "1829"]
[Opening "Ruy Lopez: Schliemann defense"]
[ECO "C63"]
[Time "19:41:37"]
[TimeControl "2700+45"]

1. e4 e5 2. Nf3 Nc6 3. Bb5 f5 4. d3 fxe4 5. dxe4 Nf6 6. O-O d6 7. Nc3 Be7 8. Bc4
Bg4 9. h3 Bh5 10. g4 Nxg4 11. hxg4 Bxg4 12. Be2 O-O 13. Be3 Nb4 14. Nd5 Nxc2 15.
Nxe7+ Qxe7 16. Bg5 Qe8 17. Rc1 Bxf3 18. Bxf3 Qg6 19. Qd5+ Kh8 20. Bg2 Nd4 21.
Rce1 Qxg5 22. f4 Rxf4 23. Rxf4 Qxf4 24. Rf1 Ne2+ 25. Kh1 Qh4+ {White resigns}
0-1

[Event "Team 45 45 League T60"]
[Site "Internet Chess Club"]
[Date "2014.03.24"]
[Round "4"]
[White "elmaestro"]
[Black "Zugzwanged"]
[Result "1/2-1/2"]
[WhiteElo "1815"]
[BlackElo "1740"]
[Opening "English, 1...Nf6 (Anglo-Indian defense)"]
[ECO "A15"]
[Time "09:00:36"]
[TimeControl "2700+45"]

1. c4 Nf6 2. g3 e5 3. Bg2 Nc6 4. Nc3 Bc5 5. e3 O-O 6. Nge2 d6 7. O-O Bf5 8. d3
Rb8 9. Na4 Nb4 10. e4 Bg4 11. h3 Be6 12. Be3 Bxe3 13. fxe3 Qd7 14. a3 Nxd3 15.
Qxd3 Qxa4 16. b3 Qd7 17. Kh2 b6 18. Nc3 Qe7 19. Nd5 Nxd5 20. cxd5 Bd7 21. Rac1
Rfc8 22. Rf2 c5 23. Rcf1 Qe8 24. Rxf7 Qxf7 25. Rxf7 Kxf7 26. Qa6 Rc7 27. h4 Rf8
28. Bh3 Bxh3 29. Kxh3 Kg8 30. Qb5 Rcf7 31. Qc6 Rf6 32. Qc7 h5 33. Qxa7 Rf1 34.
Qe7 R8f2 35. Qe8+ Rf8 36. Qxh5 Rb1 37. Qg6 Rxb3 38. Qxd6 Rxe3 39. Qxe5 Rxa3 40.
Qe6+ Kh8 41. Qxb6 Rff3 42. Qxc5 Rxg3+ 43. Kh2 Rgc3 44. Qf8+ Kh7 45. Qf5+ Kg8 46.
Qe6+ Kh8 47. Qe8+ Kh7 48. Qh5+ Kg8 49. Qe8+ Kh7 50. Qh5+ Kg8 51. Qe8+ Kh7 52.
Qh5+ Kg8 53. Qe8+ Kh7 54. Qh5+ Kg8 55. Qe8+ Kh7 56. Qh5+ Kg8 57. Qe8+ Kh7 {Game
drawn by repetition} 1/2-1/2

[Event "Team 45 45 League T60"]
[Site "Internet Chess Club"]
[Date "2014.03.24"]
[Round "4"]
[White "mattp108"]
[Black "ILRE"]
[Result "1/2-1/2"]
[WhiteElo "1627"]
[BlackElo "1609"]
[Opening "Réti: King's Indian attack (Barcza system)"]
[ECO "A07"]
[Time "20:05:38"]
[TimeControl "2700+45"]

1. Nf3 d5 2. g3 Nf6 3. Bg2 c6 4. O-O Bf5 5. d3 Nbd7 6. Nbd2 h6 7. Re1 e6 8. e4
dxe4 9. dxe4 Bh7 10. c3 Be7 11. Nd4 e5 12. Ne2 O-O 13. Qc2 Qc7 14. Nc4 Rad8 15.
Bd2 b5 16. Ne3 Nc5 17. f3 Ncd7 18. Rf1 a6 19. a4 Rfe8 20. axb5 axb5 21. Rfd1 Bc5
22. Kh1 Ra8 {Game drawn by mutual agreement} 1/2-1/2

[Event "Team 45 45 League T60"]
[Site "Internet Chess Club"]
[Date "2014.03.24"]
[Round "4"]
[White "QuieroAprender"]
[Black "mongmong"]
[Result "1-0"]
[WhiteElo "1742"]
[BlackElo "1669"]
[Opening "French: Réti (Spielmann) variation"]
[ECO "C00"]
[Time "19:30:36"]
[TimeControl "2700+45"]

1. e4 e6 2. b3 d5 3. exd5 exd5 4. Bb2 Nf6 5. Nf3 Be7 6. Nc3 O-O 7. Be2 Bg4 8.
O-O c6 9. h3 Bh5 10. a4 h6 11. Nh4 Bxe2 12. Nxe2 Ne4 13. Nf5 Bf6 14. d4 Qd7 15.
Neg3 Nxg3 16. fxg3 Qc7 17. Qg4 Kh7 18. Bc1 Rg8 19. Nxh6 gxh6 20. Qf5+ Rg6 21. h4
Qd7 22. Qd3 Kg7 23. h5 Rg4 24. Bxh6+ Kxh6 25. Rxf6+ Kg7 26. Raf1 Na6 27. Rxf7+
{Black resigns} 1-0

[Event "Team 45 45 League T60"]
[Site "Internet Chess Club"]
[Date "2014.03.21"]
[Round "4"]
[White "Visin"]
[Black "drsigmund1"]
[Result "0-1"]
[WhiteElo "1360"]
[BlackElo "1545"]
[Opening "English opening"]
[ECO "A13"]
[Time "13:00:34"]
[TimeControl "2700+45"]

1. c4 e6 2. Nc3 b6 3. d4 Bb7 4. e4 Bb4 5. Bd3 f5 6. f3 fxe4 7. fxe4 Nf6 8. Bg5
Be7 9. Nf3 h6 10. Bh4 g5 11. Bg3 Bb4 12. Nd2 Na6 13. O-O Qe7 14. e5 Bxc3 15.
bxc3 Ng8 16. Qh5+ Kd8 17. Rf2 Qe8 18. Qxe8+ Kxe8 19. Raf1 Ne7 20. Ne4 Bxe4 21.
Bxe4 Rd8 22. Bf3 d6 23. Bh5+ Kd7 24. Rf7 Nb8 25. d5 Rde8 26. Bg4 Kd8 27. Bxe6
dxe5 28. Bxe5 Rhg8 29. Bf6 Nd7 30. Bxe7+ Rxe7 31. Rxe7 Kxe7 32. Bxg8 Nf6 33. Be6
Ne4 34. Rf7+ Kd6 35. Rh7 Nxc3 36. a3 Nb1 37. Rxh6 Nxa3 38. Bg4+ Kc5 39. Be2 a5
40. Rh3 Nc2 41. Rc3 Nd4 42. Bf3 Kb4 43. Rc1 a4 44. Bd1 a3 45. g3 a2 46. h4 Ka3
47. h5 Kb2 48. Bb3 Nxb3 49. Rd1 Kc2 50. Rf1 Nd2 51. Ra1 Kb2 52. Rd1 Nb1 53. d6
cxd6 54. Rxd6 a1=Q 55. Rxb6+ Kc2 56. Kh2 Qd4 57. Rg6 Qg4 58. c5 Qxh5+ {White
resigns} 0-1

[Event "Team 45 45 League T60"]
[Site "Internet Chess Club"]
[Date "2014.03.23"]
[Round "4"]
[White "Leon13"]
[Black "pcvan"]
[Result "0-1"]
[WhiteElo "1339"]
[BlackElo "1416"]
[Opening "Bishop's opening: Berlin defense"]
[ECO "C24"]
[Time "11:01:49"]
[TimeControl "2700+45"]

1. e4 e5 2. Bc4 Nf6 3. d3 c6 4. a3 d5 5. exd5 cxd5 6. Bb5+ Nc6 7. Ne2 Qa5+ 8.
Nbc3 d4 9. b4 Qc7 10. Bxc6+ Qxc6 11. Na2 Qxg2 12. Rg1 Qxh2 13. Ng3 Qxg1+ 14. Nf1
Bh3 15. Qe2 Ng4 16. Bb2 Qxf1+ 17. Qxf1 Bxf1 18. Kxf1 h5 19. Re1 O-O-O 20. b5 Be7
21. Re4 Bh4 22. f3 Ne3+ 23. Ke2 Bg3 24. c3 f5 25. Rxe3 dxe3 26. Kxe3 h4 {White
resigns} 0-1

[Event "Team 45 45 League T60"]
[Site "Internet Chess Club"]
[Date "2014.03.22"]
[Round "4"]
[White "rhayder"]
[Black "Andaluz"]
[Result "0-1"]
[WhiteElo "1333"]
[BlackElo "1213"]
[Opening "Caro-Kann defense"]
[ECO "B15"]
[Time "05:20:19"]
[TimeControl "2700+45"]

1. e4 c6 2. d4 d5 3. Nc3 e6 4. Nf3 Bb4 5. Bd3 dxe4 6. Bxe4 Nf6 7. Bg5 h6 8. Bxf6
Qxf6 9. O-O Bxc3 10. bxc3 O-O 11. Qd3 Nd7 12. Rab1 Re8 13. Rfe1 Kf8 14. Nd2 e5
15. Nc4 exd4 16. cxd4 Nb6 17. Qa3+ Qe7 18. Qxe7+ Rxe7 19. Ne5 Nd7 20. Nxd7+ Bxd7
21. Bd3 Rxe1+ 22. Rxe1 Re8 23. Kf1 Rxe1+ 24. Kxe1 Ke7 25. Ke2 Be6 26. a3 Kd6 27.
Kd2 c5 28. Kc3 Bd5 29. Bc4 Bxg2 30. Bxf7 Bd5 31. Bxd5 Kxd5 32. dxc5 Kxc5 33. f3
b5 34. h3 g5 35. Kb3 a5 36. Kc3 Kd5 37. Kd3 h5 38. Kc3 Kc5 39. Kd3 b4 40. axb4+
axb4 41. Kd2 Kd4 42. Kc1 Ke3 43. Kb2 Kxf3 44. Kb3 Kg3 45. Kxb4 Kxh3 46. c4 g4
47. c5 g3 48. c6 g2 49. c7 g1=Q 50. c8=Q+ Qg4+ 51. Qc4 Qxc4+ 52. Kxc4 Kg2 53.
Kb3 h4 54. Ka2 h3 55. Kb1 h2 56. Ka2 h1=Q 57. Kb2 Qh3 58. Ka1 Kf2 59. Kb1 Ke2
60. Kb2 Kd2 61. Ka1 Qd3 62. Ka2 Kc1 63. Ka1 Qb1# {White checkmated} 0-1

[Event "Team 45 45 League T60"]
[Site "Internet Chess Club"]
[Date "2014.03.20"]
[Round "4"]
[White "BrerRabbit"]
[Black "SirIvanhoe"]
[Result "0-1"]
[WhiteElo "1486"]
[BlackElo "1605"]
[Opening "Queen's pawn game"]
[ECO "D04"]
[Time "19:07:05"]
[TimeControl "2700+45"]

1. d4 d5 2. Nf3 Nf6 3. e3 c5 4. c3 Nc6 5. dxc5 Bg4 6. h3 Bxf3 7. Qxf3 e6 8. b4
Be7 9. Bb5 a6 10. Ba4 O-O 11. Nd2 Ne5 12. Qe2 Qc7 13. Bb2 b6 14. cxb6 Qxb6 15.
O-O Bxb4 16. cxb4 Qxb4 17. Bxe5 Qxa4 18. Rfc1 Nd7 19. Nf3 Rfc8 20. Rxc8+ Rxc8
21. Qd3 f6 22. Bd6 Qc4 23. Qxc4 Rxc4 24. Rb1 Rc6 25. Ba3 Rc2 26. Rb2 Rxb2 27.
Bxb2 Kf7 28. Ba3 Nb6 29. Kf1 Ke8 30. Ke2 Kd7 31. Bf8 g6 32. Bg7 Ke7 33. Nd4 Nd7
34. Bh6 g5 35. f4 e5 36. Nf5+ Kf7 37. g4 Kg6 38. Kd2 gxf4 39. exf4 Nc5 40. fxe5
fxe5 41. Ke3 d4+ 42. Ke2 Ne4 43. h4 Nc3+ 44. Kd3 Nxa2 45. Bg7 Nb4+ 46. Kd2 h5
47. Bxe5 hxg4 48. Nxd4 Kh5 49. Bg3 Nd5 50. Kd3 Ne7 51. Kc4 Ng6 52. Nf5 Nf8 53.
Kb4 Kg6 54. Nd4 Kh5 55. Ka5 Nd7 56. Kxa6 Nc5+ 57. Kb5 Ne4 58. Be1 g3 59. Nf5 g2
60. Bf2 Nxf2 61. Ng3+ Kxh4 62. Ne2 Nd3 63. Kc4 Nf4 64. Ng1 Kg3 65. Kd4 Kf2 66.
Nh3+ Nxh3 {White resigns} 0-1

[Event "Team 45 45 League T60"]
[Site "Internet Chess Club"]
[Date "2014.03.23"]
[Round "4"]
[White "houseofcook"]
[Black "Invicta-Knight"]
[Result "1-0"]
[WhiteElo "1494"]
[BlackElo "1435"]
[Opening "King's Indian: East Indian defense"]
[ECO "A48"]
[Time "06:01:56"]
[TimeControl "2700+45"]

1. d4 Nf6 2. Nf3 g6 3. Nc3 Bg7 4. e4 O-O 5. e5 Ne8 6. Bf4 d6 7. Qd2 dxe5 8. Bxe5
Nd7 9. Bxg7 Kxg7 10. O-O-O Nef6 11. Be2 Nb6 12. h4 h5 13. Ne5 Ng4 14. Nxg4 Bxg4
15. Bxg4 hxg4 16. h5 gxh5 17. Qg5+ Kh8 18. Rxh5# {Black checkmated} 1-0

[Event "Team 45 45 League T60"]
[Site "Internet Chess Club"]
[Date "2014.03.22"]
[Round "4"]
[White "rkaebi"]
[Black "Gilguli"]
[Result "0-1"]
[WhiteElo "1382"]
[BlackElo "1409"]
[Opening "Scotch game"]
[ECO "C45"]
[Time "13:07:38"]
[TimeControl "2700+45"]

1. e4 e5 2. Nf3 Nc6 3. d4 exd4 4. Nxd4 Nxd4 5. Qxd4 Nf6 6. Bc4 Qe7 7. e5 d6 8.
Bf4 Ng4 9. Qc3 Nxe5 10. O-O Nxc4 11. Qxc4 Be6 12. Qa4+ c6 13. Nc3 Qd7 14. Rad1
Be7 15. Ne4 d5 16. Rfe1 O-O 17. Be5 f6 18. Bc3 f5 19. Qd4 Rf7 20. Nc5 Bxc5 21.
Qxc5 b6 22. Qe3 Re8 23. Be5 Rfe7 24. Qg3 c5 25. b3 d4 26. Qf4 Bd5 27. Qg3 Qc7
28. f4 Qb7 29. Rd2 Re6 30. c4 Rg6 31. Qh3 Be4 32. a4 Ree6 33. g3 Rh6 34. Qf1 Qa6
35. Rb2 Qa5 36. Qf2 Qc3 37. Qd2 Rxh2 38. Qd3 Qxe1+ {White resigns} 0-1

[Event "Team 45 45 League T60"]
[Site "Internet Chess Club"]
[Date "2014.03.20"]
[Round "4"]
[White "semperfi"]
[Black "otib2014"]
[Result "1-0"]
[WhiteElo "1380"]
[BlackElo "1280"]
[Opening "Queen's pawn: Yusupov-Rubinstein system"]
[ECO "A46"]
[Time "08:00:59"]
[TimeControl "2700+45"]

1. d4 Nf6 2. Nf3 e6 3. e3 Be7 4. Bd3 d5 5. Nbd2 Nbd7 6. O-O b6 7. c3 Bb7 8. Qe2
c5 9. Ne5 O-O 10. b3 cxd4 11. exd4 Qc7 12. Bb2 Bd6 13. Ndf3 Ne4 14. Nxd7 Qxd7
15. Rac1 Nf6 16. Ne5 Bxe5 17. dxe5 Ne4 18. Rfd1 Qc6 19. Qg4 Qc5 20. Qh4 g5 21.
b4 gxh4 22. bxc5 Nxc5 23. Ba3 Rfc8 24. Be2 Ne4 25. Bb2 a5 26. f3 Nc5 27. Rd4 Nd7
28. Rxh4 Nxe5 29. f4 Ng6 30. Rg4 Ba6 31. Bf3 Bc4 32. Ra1 Bd3 33. h4 Rc4 34. h5
Rxf4 35. hxg6 Rxg4 36. Bxg4 hxg6 37. Bf3 Be4 38. Bxe4 dxe4 39. Re1 f5 40. Rd1 a4
41. a3 Kf7 42. Kf2 Ke7 43. Ke3 Rd8 44. Rxd8 Kxd8 45. Kf4 Kd7 46. c4 Kd6 47. Bd4
g5+ 48. Kxg5 e5 49. Bxb6 f4 50. Kf5 e3 51. Ke4 e2 52. Bf2 Ke6 53. c5 Kf6 54. c6
Ke6 55. c7 Kd7 56. c8=Q+ Kxc8 57. Kxe5 Kc7 58. Kxf4 Kc6 59. g4 Kb5 60. Be1 Kc4
61. g5 Kb3 62. Bb4 e1=Q 63. Bxe1 Kxa3 64. g6 Kb3 65. g7 a3 66. g8=Q+ Kb2 67.
Qb8+ Kc1 68. Qb3 a2 69. Qxa2 Kd1 70. Qd2# {Black checkmated} 1-0

[Event "Team 45 45 League T60"]
[Site "Internet Chess Club"]
[Date "2014.03.22"]
[Round "4"]
[White "BrianWood"]
[Black "losscause"]
[Result "0-1"]
[WhiteElo "1405"]
[BlackElo "1573"]
[Opening "Caro-Kann: Panov-Botvinnik attack"]
[ECO "B13"]
[Time "23:00:20"]
[TimeControl "2700+45"]

1. e4 c6 2. d4 d5 3. exd5 cxd5 4. c4 Nf6 5. Nc3 Nc6 6. Nf3 Bg4 7. cxd5 Nxd5 8.
Be2 e6 9. O-O Be7 10. h3 Bf5 11. a3 O-O 12. Qb3 Na5 13. Qd1 Rc8 14. Nxd5 Qxd5
15. Bd3 Bxd3 16. Qxd3 Nb3 17. Rb1 Rc6 18. Be3 Rd8 19. Ne5 Rcd6 20. Nc4 Nxd4 21.
Nxd6 Nf3+ {White resigns} 0-1

[Event "Team 45 45 League T60"]
[Site "Internet Chess Club"]
[Date "2014.03.24"]
[Round "4"]
[White "TwinsburgOHUSA"]
[Black "tamtu"]
[Result "0-1"]
[WhiteElo "1534"]
[BlackElo "1825"]
[Opening "Sicilian: Najdorf, Opocensky variation"]
[ECO "B92"]
[Time "19:00:23"]
[TimeControl "2700+45"]

1. e4 c5 2. Nf3 d6 3. d4 cxd4 4. Nxd4 Nf6 5. Nc3 a6 6. Be2 e5 7. Nf3 Be7 8. Bg5
Nbd7 9. Qd2 b5 10. Bd3 Bb7 11. Qe2 Rc8 12. a3 O-O 13. O-O Nc5 14. b4 Nxd3 15.
Qxd3 Qc7 16. Bxf6 Bxf6 17. Nd5 Bxd5 18. Qxd5 Rfd8 19. Rfc1 Qc4 20. Qd3 d5 21.
exd5 e4 22. Qxc4 Rxc4 23. Nd2 Rd4 24. Nb3 R4xd5 25. Rab1 Bg5 26. Re1 f5 27. Nc5
Rd2 28. Ne6 e3 29. f3 e2 30. Nxd8 Be3+ 31. Kh1 Bf2 32. Rec1 Rxd8 33. g3 Re8 34.
Re1 Bxe1 35. Rxe1 Re3 36. Kg2 Kf7 37. f4 Rxa3 38. Rxe2 Kf6 39. Kf2 g6 40. Re3
Ra2 41. Re2 Rb2 42. c3 Rb3 43. Rc2 Ke6 44. Ke3 Kd5 45. Kd3 Rb1 46. Rd2 Ke6 47.
Kd4 Rc1 48. Re2+ Kd7 49. Rd2 Kc6 50. Rd3 a5 51. bxa5 Ra1 52. c4 b4 53. c5 Rc1
54. Rb3 Kb5 55. a6 Rc4+ 56. Kd3 Rxc5 57. a7 Rc8 58. Rb1 Rc3+ 59. Kd4 Ra3 60. Rb2
Rxa7 61. Kd3 Ra3+ 62. Kc2 Kc4 63. Kc1 b3 64. Rf2 Ra1+ 65. Kb2 Ra2+ {White
resigns} 0-1

[Event "Team 45 45 League T60"]
[Site "Internet Chess Club"]
[Date "2014.03.19"]
[Round "4"]
[White "KidRattler"]
[Black "g8wrb"]
[Result "0-1"]
[WhiteElo "1478"]
[BlackElo "1368"]
[Opening "French: exchange variation"]
[ECO "C01"]
[Time "13:10:36"]
[TimeControl "2700+45"]

1. e4 e6 2. d4 d5 3. exd5 exd5 4. Nc3 c6 5. Nf3 Nf6 6. Bd3 Be7 7. Bf4 O-O 8. O-O
Re8 9. Re1 Bg4 10. h3 Bh5 11. Re3 Nbd7 12. Qd2 Qb6 13. Na4 Qd8 14. Rae1 Bxf3 15.
Rxf3 Nf8 16. Rfe3 Ne6 17. Be5 Kh8 18. Bxf6 Bxf6 19. Qb4 Bxd4 20. Rf3 Bb6 21.
Rxf7 Ba5 22. Qxb7 Bxe1 23. Qxc6 Rc8 24. Qb7 Rc7 25. Rxc7 Nxc7 26. Qxa7 Bb4 27.
g3 Bd6 28. Qa5 Qe7 29. Qb6 Rf8 30. c3 Qe1+ 31. Kg2 Be5 32. Qc5 Bd6 33. Qd4 Be5
34. Qc5 Bd6 35. Qd4 Qe5 36. Qh4 h6 37. Nb6 Qe7 38. Na4 Qxh4 39. gxh4 Ne8 40. Nb6
Nc7 41. Nd7 Rf7 42. Nb6 Bc5 43. Na4 Bxf2 44. h5 Ba7 45. Kg3 Re7 46. Kf4 Ne6+ 47.
Kg4 Nc5 48. Nxc5 Bxc5 49. b4 Bb6 50. a4 Rc7 51. a5 Rxc3 52. axb6 Rxd3 53. b7
Rd4+ 54. Kf5 Rxb4 55. b8=Q+ Rxb8 56. Ke5 Rd8 57. Kd4 Kg8 58. h4 Kf7 59. Ke5 Ke7
60. Kf5 d4 61. Kg6 Kf8 62. Kh7 d3 63. Kg6 d2 64. Kh7 d1=Q 65. Kh8 Kf7+ 66. Kh7
Qd3# {White checkmated} 0-1

[Event "Team 45 45 League T60"]
[Site "Internet Chess Club"]
[Date "2014.03.21"]
[Round "4"]
[White "HorseRadish"]
[Black "PsyMar"]
[Result "1-0"]
[WhiteElo "1503"]
[BlackElo "1316"]
[Opening "Scotch gambit: Dubois-Réti defense"]
[ECO "C55"]
[Time "10:00:30"]
[TimeControl "2700+45"]

1. e4 e5 2. Nf3 Nc6 3. d4 exd4 4. Bc4 Nf6 5. e5 d5 6. Bb3 Ne4 7. O-O Bb4 8. Ba4
O-O 9. Bxc6 bxc6 10. Qxd4 c5 11. Qe3 c4 12. Nbd2 Bb7 13. Nxe4 dxe4 14. Ng5 Re8
15. f4 exf3 16. Nxf3 Qd5 17. Qf4 Rad8 18. Be3 a6 19. Qg3 Re6 20. Rad1 Qxd1 21.
Rxd1 Rxd1+ 22. Kf2 f6 23. Bh6 g6 24. Qf4 fxe5 25. Qxc4 Bd6 26. Qxe6+ {Black
resigns} 1-0

[Event "Team 45 45 League T60"]
[Site "Internet Chess Club"]
[Date "2014.03.24"]
[Round "4"]
[White "misuc56"]
[Black "LittleButton"]
[Result "1-0"]
[WhiteElo "1850"]
[BlackElo "1912"]
[Opening "Queen's gambit declined"]
[ECO "D30"]
[Time "17:00:21"]
[TimeControl "2700+45"]

1. d4 d5 2. c4 e6 3. e3 a6 4. Nc3 Nf6 5. Nf3 Nbd7 6. cxd5 exd5 7. Bd3 Bd6 8. h3
c6 9. a3 O-O 10. b4 Nb6 11. Na4 Nxa4 12. Qxa4 Bd7 13. Qc2 Qe7 14. O-O Ne4 15.
Bb2 f5 16. Ne5 a5 17. bxa5 Rxa5 18. Rfb1 Ra7 19. f4 Rfa8 20. Bc1 Bc8 21. a4 Bb4
22. Bxe4 fxe4 23. Qb3 Be1 24. Ba3 Bf2+ 25. Kxf2 Qh4+ 26. Kg1 Rxa4 27. Be7 {Black
resigns} 1-0

[Event "Team 45 45 League T60"]
[Site "Internet Chess Club"]
[Date "2014.03.22"]
[Round "4"]
[White "latayvia"]
[Black "Constrictor"]
[Result "1-0"]
[WhiteElo "1665"]
[BlackElo "1620"]
[Opening "Budapest: Rubinstein variation"]
[ECO "A52"]
[Time "12:10:14"]
[TimeControl "2700+45"]

1. d4 Nf6 2. c4 e5 3. dxe5 Ng4 4. Bf4 Nc6 5. Nf3 Bb4+ 6. Nbd2 Qe7 7. e3 Ngxe5 8.
Be2 O-O 9. Nxe5 Nxe5 10. O-O d6 11. a3 Bxd2 12. Qxd2 b6 13. b4 Bb7 14. Rac1 Nd7
15. Bd3 Be4 16. Be2 Qe6 17. Rfe1 Qg6 18. f3 Bc6 19. Bd3 Qf6 20. e4 Ne5 21. Bb1
a5 22. Bg5 Qe6 23. f4 Nd7 24. f5 Qe5 25. g4 axb4 26. Bf4 Qe7 27. axb4 f6 28. Ba2
Kh8 29. h4 Ne5 30. Bxe5 Qxe5 31. Qf2 Ra3 32. Re3 Rfa8 33. Bb3 Qd4 34. Rce1 Ra1
35. Re2 Qc3 36. Qe3 Rxe1+ 37. Rxe1 Qxe3+ 38. Rxe3 Ra3 39. Kf2 h6 40. b5 Be8 41.
Kf3 Bf7 42. Kf4 Kg8 43. g5 hxg5+ 44. hxg5 Kf8 45. g6 Bg8 46. Kf3 Ra1 47. Ke2 Rc1
48. Kd2 Rh1 49. Kc3 Ke7 50. Kb4 Rh2 51. Re1 Rh4 52. Ra1 Kd7 53. Ra8 Rh8 54. Kc3
Rh3+ 55. Kd4 Rxb3 56. Rxg8 Rb1 57. Rxg7+ Kc8 58. Rf7 Rd1+ 59. Ke3 {Black
resigns} 1-0

[Event "Team 45 45 League T60"]
[Site "Internet Chess Club"]
[Date "2014.03.23"]
[Round "4"]
[White "WOLFSPELZ"]
[Black "rahulr"]
[Result "1-0"]
[WhiteElo "1914"]
[BlackElo "1591"]
[Opening "Queen's pawn: London system"]
[ECO "A45"]
[Time "20:00:25"]
[TimeControl "2700+45"]

1. d4 Nf6 2. Bf4 e6 3. Nf3 Be7 4. e3 O-O 5. h3 b6 6. Bd3 Bb7 7. O-O d6 8. Nbd2
Nbd7 9. c3 e5 10. dxe5 dxe5 11. Bxe5 Nxe5 12. Nxe5 Bd6 13. Ndc4 Bxe5 14. Nxe5
Qd5 15. Qf3 Ne4 16. Qf5 Rfe8 17. Bxe4 Qxe4 18. Qxe4 Bxe4 19. Nf3 Rad8 20. Rfd1
f6 21. Nd4 a6 22. f3 Bb7 23. Kf2 Kf7 24. b4 Re7 25. a4 Red7 26. b5 a5 27. Ke2 h5
28. c4 g5 29. Nb3 g4 30. Rxd7+ Rxd7 31. hxg4 hxg4 32. Nd4 Kg6 33. Rh1 f5 34. Ne6
gxf3+ 35. gxf3 Re7 36. Nf4+ Kg7 37. Rg1+ Kf6 38. Rg8 c6 39. bxc6 Bxc6 40. Rg6+
{Black resigns} 1-0